 Dungeon Crawl Stone Soup version v3.33-hellcrawl-189-gd9da4bb (webtiles) character file.

0 tyvek the Insei (level 4, -3/35 HPs) *CASUAL*
             Began as a Draconian Transmuter on Oct 22, 2017.
             Slain by a gnoll
             ... wielding a +0 spear
              (8 damage)
             ... on level 2 of the Dungeon.
             The game lasted 00:02:30 (653 turns).

tyvek the Insei (Draconian Transmuter)               Turns: 653, Time: 00:02:31

Health: -3/35      AC:  2 (0%)Str: 12   XL:     4   Next: 57%
Magic:  3/3        EV: 19    Int: 14    God:
Gold:   68         SH:  0    Dex: 17    Spells: 1/7 levels left

rFire    . . .     SeeInvis .     - Unarmed
rCold    . . .     Faith    .   (shield currently unavailable)
rNeg     . . .     Spirit   .   (armour unavailable)
rPois    x         Reflect  .   (helmet currently unavailable)
rElec    .                      (cloak currently unavailable)
rCorr    .                      (gloves currently unavailable)
MR       .....                  (boots currently unavailable)
Stlth    ++........             B - amulet of rage
Regen    0.2/turn               (no ring)
MPRegen  0.2/turn               (no ring)

@: spider-form
A: unfitting armour, AC +5
a: End Transformation, Evoke Berserk Rage


You were on level 2 of the Dungeon.
You were not hungry.
You were a venomous arachnid creature.
You visited 1 branch of the dungeon, and saw 2 of its levels.

You collected 68 gold pieces.


Innate Abilities, Weirdness & Mutations

((Your plain brown scales are hard. (AC +5)))
Your body does not fit into most forms of armour.
((You are cold-blooded and may be slowed by cold attacks.))


   Skills:
 - Level 1.1 Fighting
 - Level 1.7 Dodging
 * Level 4.7 Unarmed Combat
 - Level 2.0 Spellcasting
 + Level 3.2 Transmutations


You had one spell level left.
You knew the following spells:

 Your Spells              Type           Power        Failure   Level  Hunger
p - Spider Form           Tmut           10 (200)     19%         3    ####...
t - Sticks to Snakes      Tmut/Summ      5 (100)      38%         2    ###....
z - Beastly Appendage     Tmut           10 (50)      6%          1    ##.....

Inventory:

Missiles
 a - 96 arrows
Armour
 b - a +0 cloak (melded)
 d - a +1 pair of gloves
Jewellery
 B - an amulet of rage (around neck)
Scrolls
 e - a scroll of teleportation {@r4}
 g - a scroll of magic mapping
Potions
 c - a potion of curing {@q1}
 f - a potion of augmentation

Dungeon Overview and Level Annotations

Branches:
Dungeon (2/15)

Altars:

##. #.. #.# #.# ##
######.###.
##########..........
#..s)ggw#...........
#...#####.............
#.# ##............ #
##...........
#...........
#...........
#......[....
##..........
####.##..##


You could see 2 gnolls and a dart slug.


Message History

The frilled lizard completely misses you.
You hit the gnoll (3).
The gnoll is poisoned.
The gnoll is moderately wounded.
The gnoll misses you. The gnoll hits you with a +0 whip (9)!
* * * LOW HITPOINT WARNING * * *
The frilled lizard closely misses you.
A hobgoblin comes into view. It is wielding a -3 dagger.
The gnoll looks more healthy.
You hit the gnoll (1).
You kill the gnoll!
You hit the frilled lizard (1).
The frilled lizard is poisoned.
The frilled lizard is heavily wounded.
You kill the frilled lizard!
You bite the hobgoblin (10)!
You kill the hobgoblin!
The gnoll misses you. The gnoll closely misses you.
Things that are here:
a -3 dagger; a scroll of enchant weapon; a +0 whip You hit the gnoll (5).
The gnoll is moderately wounded.
The gnoll misses you.
You hit the gnoll but do no damage.
The gnoll is poisoned.
The gnoll is moderately wounded.
The gnoll closely misses you. The gnoll hits you with a +0 spear (3).
* * * LOW HITPOINT WARNING * * *
You closely miss the gnoll.
The gnoll is moderately wounded.
The gnoll completely misses you. The gnoll closely misses you.
The gnoll hits you from afar with a +0 spear (8)!
You die...

Skill      XL: |  1  2  3  4 |
---------------+-------------+-----
Unarmed Combat | 4 |  4.7
Transmutations | 3 |  3.2
Fighting       | |  1.1
Dodging        | |  1.7
Spellcasting   | |  2.0

Action                   |  1- 3 |  4- 6 || total
-------------------------+-------+-------++-------
Melee: Unarmed           |    58 |    15 ||    73
       Tailslap          |     5 |       ||     5
       Headbutt          |     6 |       ||     6
       Punch             |     1 |       ||     1
 Cast: Beastly Appendage |     1 |       ||     1
       Spider Form       |     1 |       ||     1
Armor: Skin              |    25 |     1 ||    26
Dodge: Dodged            |    70 |    39 ||   109

Vault maps used:
D:1:      dpeg_arrival_court
D:2:      lemuel_round_altar

Notes
Turn   | Place    | Note
-------+----------+-------------------------------------------
     0 | D:1      | tyvek the Draconian Transmuter began the quest for the Orb.
     0 | D:1      | Reached XP level 1. HP: 16/16 MP: 3/3
    58 | D:1      | Reached XP level 2. HP: 15/23 MP: 4/4
    95 | D:1      | Learned a level 2 spell: Sticks to Snakes
   216 | D:1      | Reached XP level 3. HP: 22/28 MP: 5/5
   394 | D:1      | Learned a level 3 spell: Spider Form
   489 | D:1      | Reached skill level 4 in Unarmed Combat
   615 | D:2      | Reached XP level 4. HP: 35/35 MP: 2/2
   620 | D:2      | Reached skill level 3 in Transmutations
   653 | D:2      | Slain by a gnoll

Vanquished Creatures
  2 gnolls (D:2)
  An ooze (D:2)
  A dart slug (D:1)
  2 quokkas
  4 bats (D:1)
  A giant cockroach (D:1)
  5 hobgoblins
  2 frilled lizards
  3 goblins
  2 kobolds (D:1)
  2 rats (D:1)
25 creatures vanquished.
